AoeStats
← 大王同学

Black Forest

503529584Analyzed
4v4 RM · 1mo ago on Sep 1, 2026· 45m 47s· 8 players
Game mode
Random Map
Map size
Large (8 player)
Population
200
Speed
Normal
Resources
Standard
Victory
Conquest
Starting age
Dark Age
Ending age
Imperial Age
RankedLock teamsTeams togetherTeam positionsShared explorationLock speedFull tech treeHidden civsTurbo modeCheats
Victory
Defeat
🇭🇰 Italians · Hong Kong SAR China
1271
+13
🇧🇷 Spanish · Brazil
1261
+14
🇺🇾 Lithuanians · Uruguay
1256
+14
🇨🇳 Vietnamese · China
1182
+17
🇺🇸 Franks · United States
1234
-16
🇦🇷 Celts · Argentina
1211
-15
🇨🇦 Celts · Canada
1209
-14
🇨🇴 Cumans · Colombia
1202
-14
Sandsoil
12:03 Feudal Age
16:29 Castle Age
16:20 Wheelbarrow
15:38 Double-Bit Axe
17:06 Loom
18:09 Bow Saw
20:47 Hand Cart
21:49 Town Watch
22:35 Loom
27:24 Stone Mining
30:16 Scale Barding Armor
31:25 Gold Mining
35:58 Imperial Age
33:45 Fletching
33:55 Padded Archer Armor
34:54 Gold Shaft Mining
35:24 Forging
35:14 Scale Mail Armor
37:00 Conscription
37:02 Chain Mail Armor
37:22 Iron Casting
36:27 Pikeman
37:09 Squires
36:56 Arson
37:27 Halberdier
39:39 Chemistry
38:44 Siege Engineers
39:19 Plate Mail Armor
41:01 Blast Furnace
39:58 Bodkin Arrow
40:18 Leather Archer Armor
41:40 Chain Barding Armor
41:22 Chivalry
43:40 Cavalier
44:21 Husbandry
45:00 Plate Barding Armor
43:55 Elite Throwing Axeman
44:55 #83
TVHG - Harold Barón
5:51 Loom
11:25 Feudal Age
12:05 Double-Bit Axe
17:43 Castle Age
18:53 Horse Collar
19:59 Wheelbarrow
20:13 Bow Saw
21:13 Gold Mining
21:37 Scale Barding Armor
21:44 Forging
23:33 Hand Cart
23:52 Bloodlines
24:44 Gold Shaft Mining
26:06 Chain Barding Armor
26:25 Iron Casting
25:36 Light Cavalry
30:05 Heavy Plow
32:58 Town Watch
36:17 Imperial Age
33:56 Town Patrol
36:23 Cavalier
36:39 Hussar
38:58 Plate Barding Armor
39:24 Blast Furnace
40:18 Paladin
43:18 Steppe Husbandry
Method0fMadness
2:38 Loom
14:27 Feudal Age
18:35 Castle Age
16:51 Double-Bit Axe
16:50 Horse Collar
18:01 Man-at-Arms
19:48 Scale Mail Armor
26:24 Wheelbarrow
27:45 Forging
32:02 Hand Cart
32:05 Gold Mining
31:58 Pikeman
38:19 Imperial Age
38:39 Bow Saw
39:29 Heavy Scorpion
41:21 Capped Ram
[ATARB]PELUCHE GUACHIN
12:36 Feudal Age
16:44 Castle Age
22:34 Fletching
24:34 Double-Bit Axe
25:38 Bodkin Arrow
33:35 Imperial Age
31:23 Gold Mining
32:17 Bow Saw
34:48 Wheelbarrow
36:10 Chemistry
34:48 Onager
l3av3x
10:28 Feudal Age
14:23 Castle Age
13:40 Double-Bit Axe
13:36 Horse Collar
15:28 Bow Saw
22:00 Padded Archer Armor
24:24 Wheelbarrow
26:21 Hand Cart
29:12 Leather Archer Armor
32:17 Imperial Age
29:33 Town Watch
29:34 Loom
30:18 Scale Barding Armor
30:19 Gold Mining
30:33 Stone Mining
31:58 Stone Shaft Mining
32:46 Heavy Plow
34:04 Chemistry
33:26 Conscription
33:41 Ring Archer Armor
33:06 Elite Conquistador
34:00 Caravan
35:10 Fletching
39:39 Onager
43:24 Bodkin Arrow
44:16 Bombard Tower
44:06 Masonry
46:27 Two-Man Saw
45:29 Husbandry
45:40 Bloodlines
45:31 Bracer
45:54 Ballistics
BarbaNegra
1:08 Loom
10:46 Feudal Age
13:46 Double-Bit Axe
17:15 Castle Age
15:33 Horse Collar
19:02 Bow Saw
24:03 Wheelbarrow
23:17 Town Watch
29:36 Imperial Age
28:34 Scale Barding Armor
29:06 Fletching
30:28 Forging
31:17 Chain Barding Armor
32:12 Iron Casting
32:19 Caravan
34:34 Conscription
38:50 Plate Barding Armor
43:06 Elite Leitis
大王同学
0:55 Loom
13:23 Feudal Age
13:52 Man-at-Arms
20:15 Castle Age
18:12 Double-Bit Axe
21:01 Stone Mining
23:32 Gold Mining
24:49 Bow Saw
32:13 Wheelbarrow
35:14 Imperial Age
33:17 Fletching
34:17 Horse Collar
34:34 Bodkin Arrow
36:05 Ballistics
36:57 Chemistry
37:55 Two-Man Saw
37:13 Hand Cart
36:44 Town Watch
38:11 Bracer
39:54 Padded Archer Armor
41:16 Leather Archer Armor
41:22 Ballistics
41:19 Thumb Ring
42:28 Stone Shaft Mining
42:45 Ring Archer Armor
43:29 Masonry
45:09 Caravan
小离爱吃糖
12:05 Feudal Age
12:49 Double-Bit Axe
21:13 Castle Age
20:26 Bloodlines
20:52 Bloodlines
20:26 Horse Collar
24:18 Stone Mining
25:31 Heavy Plow
25:44 Bow Saw
31:00 Gold Mining
33:03 Wheelbarrow
32:40 Scale Barding Armor
32:46 Forging
32:43 Husbandry
36:15 Hand Cart
36:25 Chain Barding Armor
36:41 Iron Casting
37:22 Chatras
40:00 Imperial Age
40:19 Stone Shaft Mining
40:12 Elite Battle Elephant
42:05 Two-Man Saw
41:39 Crop Rotation
41:57 Plate Barding Armor
43:11 Paper Money
44:22 Elite Rattan Archer
44:59 Fletching
45:09 Padded Archer Armor
46:09 Bodkin Arrow
Connection lost

Rejoining the realm…

Still unreachable

The connection could not be restored.

Session expired

The server has moved on; the page needs a fresh start.